 Dungeon Crawl Stone Soup version 0.24-a0-397-g73b976d855 (webtiles) character file.

Game seed: 14738593648647075900

751 emperorscorpion the Chopper (level 7, -1/63 HPs)
             Began as a Minotaur Berserker on June 4, 2019.
             Was a Believer of Trog.
             Slain by a shadow imp (3 damage)
             ... on level 6 of the Dungeon.
             The game lasted 00:08:00 (1515 turns).

emperorscorpion the Chopper (Minotaur Berserker)    Turns: 1515, Time: 00:08:00

Health: -1/63      AC:  9    Str: 24    XL:     7   Next: 49%
Magic:  6/6        EV:  9    Int:  4    God:    Trog [**....]
Gold:   61         SH:  0    Dex:  9    Spells: 6/6 levels left

rFire    . . .     SeeInvis .   a - +0 hand axe
rCold    . . .     Gourm    .   (no shield)
rNeg     . . .     Faith    .   e - +0 chain mail
rPois    .         Spirit   .   (helmet restricted)
rElec    .         Reflect  .   (no cloak)
rCorr    .         Harm     .   (no gloves)
MR       ++...                  (no boots)
Stlth    ..........             (no amulet)
HPRegen  1.20/turn              o - ring of wizardry
MPRegen  0.10/turn              (no ring)

@: berserk cooldown, regenerating
A: retaliatory headbutt, horns 2
a: Berserk, Trog's Hand, Renounce Religion


You were on level 6 of the Dungeon.
You worshipped Trog.
Trog was pleased with you.
You were near starving.

You visited 1 branch of the dungeon, and saw 6 of its levels.

You collected 61 gold pieces.

Inventory:

Hand Weapons
 a - a +0 hand axe (weapon)
 n - a +0 trident
Missiles
 r - 22 poisoned darts (quivered)
Armour
 b - a +0 animal skin
 e - a +0 chain mail (worn)
Jewellery
 o - a ring of wizardry (left hand)
Scrolls
 g - 4 scrolls of remove curse
 h - 4 scrolls of teleportation {unknown}
 i - 3 scrolls of identify
 m - a scroll of amnesia {unknown}
 p - a scroll of fear {unknown}
 q - a scroll of enchant weapon {unknown}
Potions
 j - 2 potions of lignification {unknown}
 k - a potion of ambrosia {unknown}
 l - a potion of curing {unknown}
Comestibles
 c - 3 rations


   Skills:
 + Level 6.0 Fighting
 + Level 7.6 Axes
 + Level 5.4 Armour
 + Level 3.3 Dodging


You had 6 spell levels left.
You didn't know any spells.
Your spell library contained the following spells:

 Spells                   Type           Power        Failure   Level  Hunger
 Haunt                    Necr/Summ      #.........   100%        7    #######
 Borgnjor's Revivificati  Necr           #.........   100%        8    #######
 Death's Door             Chrm/Necr      #.........   100%        8    #######
 Infestation              Necr           #.........   100%        8    #######
 Necromutation            Tmut/Necr      #.........   100%        8    #######


Dungeon Overview and Level Annotations

Branches:
Dungeon (6/15)
 Temple: D:4-7

Altars:
Elyvilon
Qazlal

Annotations:
D:6 aaksess's ghost, novice NaVM


Innate Abilities, Weirdness & Mutations

You reflexively headbutt those who attack you in melee.
You have a pair of horns on your head.


Message History

Aaksess's ghost hits you.
* * * LOW HITPOINT WARNING * * *
Unknown command.
Unknown command.
You hit aaksess's ghost. Your headbutt misses aaksess's ghost.
Aaksess's ghost is almost destroyed.
Unknown command.
You completely miss aaksess's ghost. Your headbutt misses aaksess's ghost.
Aaksess's ghost is almost destroyed.
Aaksess's ghost hits you.
* * * LOW HITPOINT WARNING * * *
Unknown command.
It was a potion of cancellation.
You feel magically purged.
Aaksess's ghost points at you and mumbles some strange words.
The ball explodes into a vile cloud!
The stinking cloud engulfs you but does no damage.
The stinking cloud engulfs aaksess's ghost but does no damage.
The stinking cloud engulfs the shadow imp but does no damage.
The shadow imp hits you.
You die...

## ################## ...
#................. ....
#...............?.
......##.................
.............(...........
.....##.................
....##.................
... #.......☼☼§.......
#.# #.......W@5.......
####.###.......§☼..$.....
....>.............h......
##.#####.................
##'#####...(.............
#.....##.................
......##......##'##......
......+.......#.≈.#.....
#.....##......#.≈.#...$.


You could see a black bear, aaksess's ghost and a shadow imp.

Vanquished Creatures
  Grinder (D:6)
  An orc warrior (D:4)
  A sky beast (D:5)
  A jelly (D:5)
  2 orc wizards (D:5)
  Terence (D:2)
  An orc priest (D:4)
  4 worker ants
  A worker ant zombie (D:5)
  3 adders
  An adder skeleton (D:5)
  A worm (D:4)
  A dart slug (D:1)
  3 leopard geckos
  11 orcs
  7 bats
  5 giant cockroaches
  4 hobgoblins
  6 kobolds
  A quokka (D:5)
  A ball python (D:2)
  3 frilled lizards
  7 goblins
  A leopard gecko skeleton (D:4)
  4 rats (D:1)
72 creatures vanquished.

Notes
Turn   | Place    | Note
-------+----------+-------------------------------------------
     0 | D:1      | emperorscorpion the Minotaur Berserker began the quest for
                  | the Orb.
     0 | D:1      | Reached XP level 1. HP: 19/19 MP: 0/0
     7 | D:1      | You fall into a shaft and drop 1 floor!
    31 | D:2      | Reached XP level 2. HP: 27/27 MP: 1/1
    32 | D:2      | Reached skill level 4 in Axes
    78 | D:2      | Found a stormy altar of Qazlal.
    83 | D:2      | Noticed Terence
   158 | D:1      | Reached XP level 3. HP: 13/33 MP: 2/2
   204 | D:1      | Reached ** piety under Trog
   590 | D:2      | Killed Terence
   590 | D:2      | Reached XP level 4. HP: 41/41 MP: 3/3
   710 | D:3      | Reached skill level 5 in Axes
  1031 | D:4      | Reached XP level 5. HP: 47/47 MP: 4/4
  1148 | D:4      | Noticed an orc warrior
  1155 | D:4      | Killed an orc warrior
  1155 | D:4      | Reached skill level 5 in Fighting
  1155 | D:4      | Reached skill level 6 in Axes
  1156 | D:4      | Reached XP level 6. HP: 55/56 MP: 5/5
  1193 | D:5      | Entered Level 5 of the Dungeon
  1218 | D:5      | Reached *** piety under Trog
  1249 | D:5      | Found a white marble altar of Elyvilon.
  1263 | D:5      | Noticed a sky beast
  1279 | D:5      | Killed a sky beast
  1279 | D:5      | Reached XP level 7. HP: 24/61 MP: 6/6
  1301 | D:5      | Reached skill level 7 in Axes
  1361 | D:6      | Noticed Grinder
  1385 | D:6      | Killed Grinder
  1385 | D:6      | Reached skill level 5 in Armour
  1409 | D:6      | Found a runed translucent door.
  1416 | D:6      | Noticed aaksess's ghost (novice NaVM)
  1512 | D:6      | HP: 2/63 [aaksess's ghost (3)]
  1515 | D:6      | Slain by a shadow imp

Levels and vault maps discovered:
D:1:      dpeg_arrival_stone_temple_mockup, layout_loops_cross,
          roderic_roman_lattice, hangedman_abyss_or_decor_stabs,
          minmay_split_cup_large
D:2:      layout_loops_ring, grunt_qazlal_clouds, first_ration,
          kennysheep_generic_room_14, uniq_terence
D:3:      layout_loops_ring, good_gods_mini_temple
D:4:      layout_basic, nicolae_overflow_hidden_temple, serial_glass,
          glass_columns_a, glass_columns_c, minmay_small_thing
D:5:      layout_rooms, chequers_temple_overflow_minitemple, elyvilon_altar_3,
          uniq_menkaure
D:6:      layout_basic, basic_altar, ebering_ghost_reflecting_pool,
          kennysheep_generic_room_7, uniq_grinder, uniq_duvessa

Skill      XL: |  1  2  3  4  5  6  7 |
---------------+----------------------+-----
Axes           | 4 5 6 7 |  7.6
Fighting       | 4 5 6 |  6.0
Armour         | 3 4 5 |  5.4
Dodging        | 3 |  3.3

Action                   |  1- 3 |  4- 6 |  7- 9 || total
-------------------------+-------+-------+-------++-------
Melee: Hand axe          |    62 |    73 |    45 ||   180
       Headbutt          |     9 |    11 |    13 ||    33
Invok: Berserk           |     2 |     3 |     3 ||     8
       Trog's Hand       |       |       |     3 ||     3
  Use: Scroll            |       |     1 |       ||     1
       Potion            |       |       |     1 ||     1
  Eat: Chunk             |       |     5 |     4 ||     9
Armor: Chain mail        |    21 |    28 |    30 ||    79
Dodge: Dodged            |    37 |    37 |    11 ||    85

Table legend:
 A = Non-vault XP
 B = Vault XP
 C = Vault XP percentage of total XP
 D = Non-vault monster count
 E = Vault monster count
 F = Vault count percentage of total count
                 A         B        C        D         E       F
            +---------+---------+-------+---------+---------+-------
      Total |     726 |     348 |  32.4 |      66 |       6 |   8.3
            +---------+---------+-------+---------+---------+-------
        D:1 |      33 |       6 |  15.4 |      18 |       4 |  18.2
        D:2 |      43 |      38 |  46.9 |      16 |       1 |   5.9
        D:3 |      19 |       0 |   0.0 |       4 |       0 |   0.0
        D:4 |     278 |       0 |   0.0 |      14 |       0 |   0.0
        D:5 |     350 |       0 |   0.0 |      13 |       0 |   0.0
        D:6 |       3 |     304 |  99.0 |       1 |       1 |  50.0
            +---------+---------+-------+---------+---------+-------
